 Dungeon Crawl Stone Soup version 0.25-a0-589-g1e14c549ee (webtiles) character file.

Game seed: 2928674954760736714, levelgen mode: deterministic

2552 n0claF the Cudgeler (level 9, -4/71 HPs)
             Began as a Demonspawn Gladiator on Mar 12, 2020.
             Shot with a sling bullet by Joseph (6 damage)
             ... on level 7 of the Dungeon.
             The game lasted 00:18:23 (6667 turns).

n0claF the Cudgeler (Demonspawn Gladiator)          Turns: 6667, Time: 00:18:23

Health: -4/71      AC: 14    Str: 17    XL:     9   Next: 31%
Magic:  9/9        EV:  5    Int: 11    God:
Gold:   322        SH:  8    Dex: 19    Spells: 8/8 levels left

rFire    . . .     SeeInvis .   m - +0 whip (venom)
rCold    . . .     Gourm    .   I - +0 kite shield
rNeg     . . .     Faith    .   D - +0 chain mail
rPois    .         Spirit   .   F - +1 hat
rElec    .         Reflect  .   o - +0 cloak
rCorr    .         Harm     .   H - +1 pair of gloves {Dex+3}
MR       .....                  (no boots)
Stlth    +.........             (no amulet)
HPRegen  0.21/turn              (no ring)
MPRegen  0.11/turn              (no ring)

@: no status effects
A: hooves 2, thin skeletal structure 1, demonic guardian 1, nightstalker 2
a: no special abilities


You were on level 7 of the Dungeon.
You were not hungry.

You visited 1 branch of the dungeon, and saw 7 of its levels.

You collected 322 gold pieces.

Inventory:

Hand Weapons
 m - a +0 whip of venom (weapon)
   (You took it off a kobold on level 1 of the Dungeon)
Missiles
 d - 4 throwing nets (quivered) {!f}
Armour
 o - a +0 cloak (worn)
   (You found it on level 1 of the Dungeon)
 D - a +0 chain mail (worn)
   (You took it off Edmund on level 4 of the Dungeon)
 F - a +1 hat (worn)
   (You found it on level 6 of the Dungeon)
 H - a +1 pair of gloves of dexterity (worn)
   (You found it on level 6 of the Dungeon)
 I - a +0 kite shield (worn)
   (You took it off a gnoll sergeant on level 6 of the Dungeon)
Jewellery
 k - a cursed +6 ring of intelligence {unknown}
   (You found it on level 1 of the Dungeon)
 r - a cursed amulet of inaccuracy {unknown}
   (You found it on level 2 of the Dungeon)
 y - an uncursed amulet of guardian spirit {unknown}
   (You found it on level 3 of the Dungeon)
 A - a cursed ring of attention {unknown}
   (You found it on level 3 of the Dungeon)
Scrolls
 b - 2 scrolls of amnesia {unknown}
 f - 4 scrolls of identify {unknown}
 n - a scroll of teleportation {unknown}
 q - 2 scrolls of random uselessness {unknown}
 v - a scroll of immolation {unknown}
 w - 2 scrolls of enchant weapon {unknown}
 z - a scroll of summoning {unknown}
 C - 4 scrolls of fear {unknown}
 E - 2 scrolls of remove curse {unknown}
Potions
 h - 5 potions of curing {@q1}
 i - a potion of stabbing {unknown}
 j - a potion of ambrosia {unknown}
 l - a potion of berserk rage {unknown}
 s - 2 potions of resistance {unknown}
 u - a potion of degeneration {unknown}
 x - 3 potions of heal wounds {unknown}
 G - 4 potions of lignification {unknown}
Comestibles
 e - 8 rations {!d}


   Skills:
 + Level 6.6 Fighting
 * Level 7.4(8.0) Maces & Flails
   Level 4.2(6.4) Staves
 - Level 1.7 Throwing
 + Level 5.6 Armour
 - Level 2.6 Dodging


You had 8 spell levels left.
You didn't know any spells.
Your spell library was empty.

Dungeon Overview and Level Annotations

Branches:
Dungeon (7/15)
 Temple: D:4-7

Altars:
Ashenzari
Cheibriados
Dithmenos
Elyvilon
Kikubaaqudgha
Nemelex Xobeh
Sif Muna
Wu Jian
Xom
Yredelemnul
The Shining One

Annotations:
D:7 Joseph, Menkaure


Innate Abilities, Weirdness & Mutations

You have hoof-like feet.
You have a somewhat thin skeletal structure. (Dex +2, Stealth)
A weak demonic guardian rushes to your aid.
You are significantly more attuned to the shadows.


Message History

Done exploring.
Search for what [Enter for "armo", or ? for help]? .
You drop a wand of flame (16).
There is a stone staircase leading down here.
There is a fountain of sparkling water here.
There is a stone staircase leading down here.
You climb downwards.
Found a scroll labeled NAGGECA SOEHO.
Found a stone staircase leading up.
There is a stone staircase leading up here.
An orc and Joseph come into view.
Joseph is wielding a +0 quarterstaff and carrying a wand of iceblast (5).
The orc shouts!
You hear a shout! x2
Joseph unwields a +0 quarterstaff.
Joseph wields a +2 hunting sling of flaming.
It bursts into flame!
Joseph shoots a sling bullet.
You block the sling bullet.
You hear a shout! x2
You see here a sling bullet.
There is a stone staircase leading up here.
An orc comes into view. It is wielding a +0 club.
A hound comes into view.
You hit the orc. Your kick misses the orc. You hit the orc.
The orc is poisoned.
You kick the orc.
You kill the orc!
Menkaure, Prince of Dust comes into view.
Joseph shoots a sling bullet.
The sling bullet hits you! The sling bullet burns you.
Unknown command.
An orc comes into view. It is wielding a +0 mace.
The orc hits your iron imp with a +0 club.
Your iron imp barely misses the orc.
All of the chunks of flesh in your inventory have rotted away.
You closely miss the hound. Your kick misses the hound.
The hound bites you but does no damage.
Joseph shoots a sling bullet.
The sling bullet hits you! The sling bullet burns you.
Menkaure calls on the powers of darkness!
The orc convulses! x2; The hound convulses!
Joseph convulses!
Your body is wracked with pain!
* * * LOW HITPOINT WARNING * * *
The orc barely misses your iron imp. The hound bites you but does no damage.
You miss the hound. You kick the hound, but do no damage.
Your iron imp barely misses the orc.
Joseph shoots a sling bullet.
The sling bullet hits you!!
* * * LOW HITPOINT WARNING * * *
The sling bullet burns you.
* * * LOW HITPOINT WARNING * * *
The hound bites you but does no damage. The orc barely misses your iron imp.
The hound closely misses you.
Joseph says, "I'm here to kill trespassers.
I like my job."
Joseph shoots a sling bullet.
The sling bullet hits you.
You die...

.@..
.... ..#
###..##
#@)@..##
#.h5....
###.oM##
.o...
....#
.#.?.
.###.


You could see Joseph, Menkaure, a hound, 2 orcs and a friendly iron imp.

Vanquished Creatures
  Pikel (D:6)
  Eustachio (D:6)
  Edmund (D:4)
  2 sky beasts
  2 ogres (D:4)
  A centaur (D:5)
  Blork the orc (D:6)
  3 gnoll sergeants (D:6)
  2 bullfrogs
  2 scorpions
  A wight (D:6)
  A howler monkey (D:5)
  4 crimson imps
  A quasit (D:5)
  A jelly (D:5)
  A bullfrog skeleton (D:5)
  A hound (D:5)
  2 orc priests
  A centaur skeleton (D:5)
  Jessica (D:3)
  2 orc wizards (D:4)
  4 worker ants
  2 adders
  A shadow imp (D:5)
  2 worms (D:3)
  A leopard gecko (D:1)
  25 orcs
  A ball python (D:1)
  A giant cockroach (D:1)
  6 goblins (D:1)
  9 hobgoblins
  5 jackals
  4 quokkas
  6 bats
  A frilled lizard (D:2)
  8 kobolds
  A leopard gecko zombie (D:6)
  6 rats
115 creatures vanquished.

Vanquished Creatures (collateral kills)
  An ice beast (D:5)
  A sky beast (D:6)
  An ogre (D:6)
  A centaur (D:6)
  A worker ant (D:6)
  A jackal (D:6)
6 creatures vanquished.

Vanquished Creatures (others)
  2 slaves (D:6)
  A bullfrog (D:6)
3 creatures vanquished.

Grand Total: 124 creatures vanquished

Notes
Turn   | Place    | Note
-------+----------+-------------------------------------------
     0 | D:1      | n0claF the Demonspawn Gladiator began the quest for the
                  | Orb.
     0 | D:1      | Reached XP level 1. HP: 16/16 MP: 1/1
    68 | D:1      | Gained mutation: You are slightly more attuned to the
                  | shadows. [demonic ancestry]
    68 | D:1      | Reached XP level 2. HP: 9/22 MP: 2/2
   592 | D:1      | Reached skill level 1 in Armour
   871 | D:1      | Gained mutation: You have large cloven feet. [demonic
                  | ancestry]
   871 | D:1      | Reached XP level 3. HP: 28/28 MP: 3/3
  2233 | D:3      | Noticed Jessica
  2283 | D:3      | Killed Jessica
  2283 | D:3      | Gained mutation: You have hoof-like feet. [demonic
                  | ancestry]
  2283 | D:3      | Reached XP level 4. HP: 34/34 MP: 4/4
  2709 | D:4      | Reached XP level 5. HP: 30/41 MP: 5/5
  3098 | D:4      | Found a white marble altar of Elyvilon.
  3098 | D:4      | Found an ornate altar of the Wu Jian Council.
  3100 | D:4      | Found a shimmering altar of Xom.
  3100 | D:4      | Found a basalt altar of Yredelemnul.
  3100 | D:4      | Found a snail-covered altar of Cheibriados.
  3100 | D:4      | Found a shimmering blue altar of Sif Muna.
  3100 | D:4      | Found a shattered altar of Ashenzari.
  3101 | D:4      | Found an ancient bone altar of Kikubaaqudgha.
  3112 | D:4      | Noticed Edmund
  3125 | D:4      | Noticed an ogre
  3130 | D:4      | Killed Edmund
  3130 | D:4      | Reached skill level 2 in Maces & Flails
  3130 | D:4      | Gained mutation: You are significantly more attuned to the
                  | shadows. [demonic ancestry]
  3130 | D:4      | Reached XP level 6. HP: 36/47 MP: 6/6
  3419 | D:4      | Reached skill level 3 in Maces & Flails
  3702 | D:4      | Gained mutation: A weak demonic guardian rushes to your
                  | aid. [demonic ancestry]
  3702 | D:4      | Reached XP level 7. HP: 32/54 MP: 7/7
  3901 | D:4      | Found a shadowy altar of Dithmenos.
  4161 | D:5      | Entered Level 5 of the Dungeon
  4321 | D:5      | Reached skill level 4 in Maces & Flails
  4650 | D:5      | Found a glowing golden altar of the Shining One.
  4870 | D:5      | Gained mutation: You have a somewhat thin skeletal
                  | structure. (Dex +2, Stealth) [demonic ancestry]
  4870 | D:5      | Reached XP level 8. HP: 51/61 MP: 8/8
  4898 | D:5      | Reached skill level 5 in Fighting
  4933 | D:5      | Reached skill level 5 in Maces & Flails
  5044 | D:5      | Found a shimmering blue altar of Sif Muna.
  5590 | D:6      | Reached skill level 6 in Maces & Flails
  5764 | D:6      | Found a sparkling altar of Nemelex Xobeh.
  5820 | D:6      | Noticed Pikel
  5968 | D:6      | Reached skill level 5 in Armour
  5977 | D:6      | Killed Pikel
  5977 | D:6      | Reached skill level 7 in Maces & Flails
  5977 | D:6      | Reached XP level 9. HP: 36/70 MP: 9/9
  6371 | D:6      | Noticed Eustachio
  6372 | D:6      | Noticed Blork the orc
  6387 | D:6      | Killed Blork the orc
  6414 | D:6      | Killed Eustachio
  6657 | D:7      | Noticed Joseph
  6663 | D:7      | Noticed Menkaure
  6666 | D:7      | HP: 2/71 [Joseph/sling bullet (6)]
  6667 | D:7      | Shot with a sling bullet by Joseph

Levels and vault maps discovered:
D:1:      lemuel_arrival_behind_the_door_large, layout_basic,
          minmay_tromino_v4_c
D:2:      layout_loops_ring
D:3:      layout_rooms, uniq_jessica
D:4:      layout_loops_ring, grunt_temple_overflow_open, marbit_many_paths,
          uniq_edmund
D:5:      layout_loops_corners, kennysheep_mini_moat, first_ration, led_sif_pool
D:6:      layout_cave_pools, nemelex_xobeh_ov_fountains_minmay, sword_in_stone,
          uniq_pikel
D:7:      layout_loops_ring, minmay_temple_entry_trees,
          nemelex_spade_bored_becter, uniq_joseph, uniq_menkaure,
          uniq_crazy_yiuf_cottage

Skill      XL: |  1  2  3  4  5  6  7  8 |
---------------+-------------------------+-----
Staves         | 3 4 |  4.2
Armour         | 1 2 3 4 5 |  5.6
Fighting       | 3 4 6 |  6.6
Maces & Flails | 2 3 4 7 |  7.4
Throwing       | |  1.7
Dodging        | |  2.6

Action                   |  1- 3 |  4- 6 |  7- 9 || total
-------------------------+-------+-------+-------++-------
Melee: Quarterstaff      |    81 |       |       ||    81
       Whip              |    37 |   123 |   263 ||   423
       Kick              |    10 |    40 |    91 ||   141
  Use: Potion            |     1 |       |       ||     1
 Stab: Sleeping          |     6 |     1 |       ||     7
       Distracted        |       |       |     1 ||     1
  Eat: Chunk             |     1 |     5 |     7 ||    13
       Ration            |     1 |       |     1 ||     2
Armor: Leather armour    |    29 |    10 |       ||    39
       Chain mail        |       |     3 |   154 ||   157
Dodge: Dodged            |    93 |    75 |    74 ||   242
Block: Buckler           |     2 |    10 |    37 ||    49
       Kite shield       |       |       |     8 ||     8

Table legend:
 A = Non-vault XP
 B = Vault XP
 C = Vault XP percentage of total XP
 D = Non-vault monster count
 E = Vault monster count
 F = Vault count percentage of total count
                 A         B        C        D         E       F
            +---------+---------+-------+---------+---------+-------
      Total |    2321 |    1325 |  36.3 |     111 |      11 |   9.0
            +---------+---------+-------+---------+---------+-------
        D:1 |      46 |       3 |   6.1 |      28 |       2 |   6.7
        D:2 |      23 |       0 |   0.0 |       7 |       0 |   0.0
        D:3 |      37 |      37 |  50.0 |      16 |       1 |   5.9
        D:4 |     502 |     162 |  24.4 |      20 |       1 |   4.8
        D:5 |     988 |       0 |   0.0 |      21 |       0 |   0.0
        D:6 |     722 |    1123 |  60.9 |      18 |       7 |  28.0
        D:7 |       3 |       0 |   0.0 |       1 |       0 |   0.0
            +---------+---------+-------+---------+---------+-------
